[Event "Titled Tuesday Blitz July 6 2021"]
[White "Krivonosov, Oleg"]
[Black "Kotepalli, Sai Nirupama"]
[WhiteFideId "11600349"]
[BlackFideId "5039444"]
[WhiteElo "2469"]
[BlackElo "2443"]
[Result "1-0"]
[Round "09"]
[TimeControl "180+1"]
[Date "2021.07.06"]
[WhiteClock "0:00:46"]
[BlackClock "0:00:01"]

1. Nf3 Nc6 2. d4 d5 3. Bf4 Nf6 4. e3 Bf5 5. c4 e6 6. Nc3 Bd6 7. Bg3 dxc4 8. Bxc4 O-O 9. O-O Bxg3 10. hxg3 Ne7 11. Rc1 Ne4 12. Nxe4 Bxe4 13. Bd3 Bxd3 14. Qxd3 c6 15. Qc2 Qd6 16. Qc5 Rfd8 17. a3 Qxc5 18. Rxc5 Rd5 19. Rfc1 Rad8 20. Kf1 Nf5 21. g4 Nd6 22. Ke2 Ne4 23. R5c2 h6 24. b4 Nf6 25. Ne5 Nd7 26. Nxd7 R8xd7 27. Rc5 Kf8 28. a4 Ke7 29. a5 a6 30. f3 Kf6 31. f4 Kg6 32. g3 R7d6 33. Kf3 Rd7 34. R1c2 R7d6 35. Ke4 f5+ 36. Kf3 Rd7 37. Rh2 R7d6 38. Rh1 Rd7 39. gxf5+ exf5 40. g4 fxg4+ 41. Kxg4 Kf6 42. Kf3 Rxc5 43. bxc5 Rd5 44. Rb1 Rd7 45. Rh1 Re7 46. e4 Rd7 47. Ke3 Kf7 48. f5 Kf6 49. Rh5 Re7 50. e5+ Kf7 51. Ke4 Kf8 52. e6 Kg8 53. Ke5 Kf8 54. Rh2 Re8 55. Rb2 Re7 56. Kd6 Ke8 57. Rh2 Kf8 58. f6 gxf6 59. Rxh6 Rg7 60. Rxf6+ 1-0


[Site "https://www.chess.com"]

[Event "Titled Tuesday Blitz July 6 2021"]
[White "Kukhmazov, Arsen"]
[Black "Grebeniuk, Semen"]
[WhiteFideId "24108260"]
[BlackFideId "14117509"]
[WhiteElo "2453"]
[BlackElo "2232"]
[Result "1-0"]
[Round "09"]
[TimeControl "180+1"]
[Date "2021.07.06"]
[WhiteClock "0:00:05"]
[BlackClock "0:00:03"]

1. b3 d5 2. Bb2 Bg4 3. Nf3 Bxf3 4. exf3 Nd7 5. f4 Ngf6 6. g3 c6 7. Bg2 e6 8. O-O g6 9. d3 Bg7 10. Nd2 O-O 11. Nf3 Ne8 12. Bxg7 Kxg7 13. Qe2 Nd6 14. h4 a5 15. Rae1 a4 16. h5 axb3 17. axb3 Ra2 18. Qd2 Qa5 19. b4 Qa3 20. h6+ Kg8 21. Rb1 Nb5 22. Ng5 Qc3 23. Qe3 Qd4 24. c4 Nc3 25. Rb3 Ne2+ 26. Kh2 Qxe3 27. fxe3 d4 28. e4 Rfa8 29. e5 Nc3 30. Nf3 Re2 31. Nxd4 Rd2 32. Rxc3 Raa2 33. Rg1 Nb6 34. Nf3 Rf2 35. Nh4 Na4 36. Rb3 Nb2 37. Kh3 Kf8 38. Rf1 Rd2 39. Rf3 Nd1 40. g4 Nf2+ 41. Kg3 Nd1 42. g5 Ke7 43. d4 Nb2 44. Rbc3 Kd7 45. d5 Nd1 46. Rcd3 Nb2 47. Rxd2 1-0


[Site "https://www.chess.com"]

[Event "Titled Tuesday Blitz July 6 2021"]
[White "Leiva, Gianmarco"]
[Black "Dobrov, Vladimir"]
[WhiteFideId "3804399"]
[BlackFideId "4136594"]
[WhiteElo "2365"]
[BlackElo "2614"]
[Result "0-1"]
[Round "09"]
[TimeControl "180+1"]
[Date "2021.07.06"]
[WhiteClock "0:00:03"]
[BlackClock "0:00:26"]

1. e4 c5 2. Nf3 Nc6 3. Bb5 e6 4. Bxc6 bxc6 5. d3 Ne7 6. O-O f6 7. Re1 e5 8. Be3 Ng6 9. h4 h5 10. c4 d6 11. Nbd2 Be7 12. g3 Rb8 13. Rb1 a5 14. a3 d5 15. cxd5 cxd5 16. exd5 Qxd5 17. Qa4+ Bd7 18. Qe4 Qf7 19. Rec1 Rc8 20. b4 Bc6 21. Qf5 Bd7 22. Qe4 axb4 23. axb4 cxb4 24. Rxc8+ Bxc8 25. Qc6+ Bd7 26. Qa8+ Bd8 27. Bc5 Ne7 28. Rxb4 O-O 29. Rb8 Nc6 30. Bxf8 Nxb8 31. Bxg7 Nc6 32. Bh6 Kh7 33. Be3 Qd5 34. Qb7 Kg6 35. Qb1 Bg4 36. Ne1 Bf5 37. Ne4 Ba5 38. Nf3 Nb4 39. Bd2 Nxd3 40. Bxa5 Bxe4 41. Nd2 Nxf2 42. Nxe4 Nxe4 43. Be1 Kf7 44. Qb6 Nd6 45. Qe3 Nf5 46. Qe2 Kg6 47. Qc2 Qd4+ 48. Kg2 e4 49. Bf2 e3 50. Be1 Qg4 51. Qd3 Kf7 52. Qd7+ Ne7 53. Qd3 Nf5 54. Qd7+ Kg6 55. Qe8+ Kg7 56. Qd7+ Kh6 0-1


[Site "https://www.chess.com"]

[Event "Titled Tuesday Blitz July 6 2021"]
[White "Ljukin, Sergei"]
[Black "Yang, Kaiqi"]
[WhiteFideId "14102200"]
[BlackFideId "8604398"]
[WhiteElo "2309"]
[BlackElo "2373"]
[Result "0-1"]
[Round "09"]
[TimeControl "180+1"]
[Date "2021.07.06"]
[WhiteClock "0:00:01"]
[BlackClock "0:00:10"]

1. e4 e6 2. d4 d5 3. Nc3 Nf6 4. Bg5 dxe4 5. Nxe4 Be7 6. Bxf6 gxf6 7. Nf3 f5 8. Nc3 a6 9. Bc4 b5 10. Bb3 c5 11. dxc5 Qxd1+ 12. Rxd1 Nc6 13. O-O Bb7 14. Rfe1 Rg8 15. g3 Rd8 16. Rxd8+ Kxd8 17. Ne5 Nxe5 18. Rxe5 Bf6 19. Re3 Kc7 20. Rd3 h5 21. Nd1 Be4 22. Rd2 h4 23. a4 f4 24. axb5 axb5 25. Nc3 Bxc3 26. bxc3 fxg3 27. fxg3 hxg3 28. c4 b4 29. hxg3 Rxg3+ 30. Kh2 Rg5 31. Ba4 Bc6 32. Bb3 Rxc5 33. Rf2 f5 34. Kg3 Re5 35. Kf4 Re4+ 36. Kg5 Kd6 37. Kf6 Kc5 38. Rd2 f4 39. Rd8 f3 40. Kg5 Re1 41. Rf8 e5 42. Rf5 Re2 0-1


[Site "https://www.chess.com"]

[Event "Titled Tuesday Blitz July 6 2021"]
[White "Lopez Gracia, Fernando"]
[Black "Maltsevskaya, Aleksandra"]
[WhiteFideId "2207184"]
[BlackFideId "24174041"]
[WhiteElo "2396"]
[BlackElo "2225"]
[Result "1-0"]
[Round "09"]
[TimeControl "180+1"]
[Date "2021.07.06"]
[WhiteClock "0:00:26"]
[BlackClock "0:00:02"]

1. e4 c5 2. c3 g6 3. d4 cxd4 4. cxd4 d5 5. exd5 Nf6 6. Nc3 Nxd5 7. Qb3 Nxc3 8. Bc4 e6 9. bxc3 Nc6 10. Nf3 Bd7 11. Qxb7 Rb8 12. Qa6 Rb6 13. Qa4 Nxd4 14. Qd1 Nxf3+ 15. Qxf3 Bg7 16. O-O O-O 17. Rd1 Qc7 18. Bb3 Bc6 19. Qh3 a5 20. Ba3 Re8 21. Rab1 Be4 22. Rbc1 h5 23. Qe3 Bc6 24. Bc5 Rb7 25. c4 a4 26. Bc2 Rb2 27. a3 Kh7 28. f4 Rc8 29. Bd4 Bxd4 30. Qxd4 Qb7 31. Rd2 Qb6 32. Qxb6 Rxb6 33. g3 Kg7 34. Kf2 Rb2 35. Ke3 Ra2 36. Rd3 Be8 37. Rc3 Bb5 38. Kd4 Bc6 39. h4 Kf6 40. Kc5 Be4+ 41. Kd4 Bc6 42. Rb1 Ke7 43. Rb6 Kd6 44. c5+ Kd7 45. Be4 Bxe4 46. Kxe4 Re2+ 47. Kf3 Rd2 48. Rb4 Rd5 49. Rxa4 Rdxc5 50. Ra7+ Ke8 51. Rd3 Rc3 52. Ke3 Rxd3+ 53. Kxd3 Kf8 54. a4 Kg7 55. a5 Kf6 56. a6 Rc1 57. Rb7 Ra1 58. a7 e5 59. Ke4 exf4 60. Kxf4 Ra4+ 61. Kf3 Ke6 62. Ke3 f6 63. Rg7 Kf5 64. Rb7 g5 65. hxg5 fxg5 66. Kf2 Ra2+ 67. Ke3 Kg4 68. Rg7 Ra3+ 69. Kd4 Ra4+ 70. Kc5 Ra1 71. Kb6 Kxg3 72. Rxg5+ Kf4 73. Rxh5 Rb1+ 74. Rb5 1-0


[Site "https://www.chess.com"]

[Event "Titled Tuesday Blitz July 6 2021"]
[White "Maevsky, Nikolay"]
[Black "Pereira, Juliano Resende M"]
[WhiteFideId "4198220"]
[BlackFideId "2109816"]
[WhiteElo "2213"]
[BlackElo "2450"]
[Result "1-0"]
[Round "09"]
[TimeControl "180+1"]
[Date "2021.07.06"]
[WhiteClock "0:00:11"]
[BlackClock "0:00:04"]

1. d4 Nf6 2. Nf3 e6 3. e3 b6 4. Bd3 Bb7 5. Nbd2 c5 6. O-O d5 7. b3 Be7 8. Bb2 O-O 9. Ne5 Nc6 10. f4 g6 11. a3 Re8 12. Qe2 Bf8 13. g4 Ne7 14. g5 Ne4 15. dxc5 bxc5 16. Nxe4 dxe4 17. Bb5 Nf5 18. Rad1 Qc8 19. Bd7 Qc7 20. Bxe8 Rxe8 21. Rd7 Qb6 22. Rfd1 Ba6 23. Qe1 c4 24. Nxf7 Qxe3+ 25. Qxe3 Nxe3 26. Rc1 Nd5 27. bxc4 Nxf4 28. Rf1 e5 29. Bxe5 Ne6 30. Nh6+ Bxh6 31. gxh6 Bxc4 32. Rff7 e3 33. Bc3 1-0


[Site "https://www.chess.com"]

[Event "Titled Tuesday Blitz July 6 2021"]
[White "Makhnev, Denis"]
[Black "Rodchenkov, Vitaly"]
[WhiteFideId "13707647"]
[BlackFideId "4152964"]
[WhiteElo "2537"]
[BlackElo "2337"]
[Result "1/2-1/2"]
[Round "09"]
[TimeControl "180+1"]
[Date "2021.07.06"]
[WhiteClock "0:00:19"]
[BlackClock "0:00:17"]

1. Nf3 Nf6 2. g3 b5 3. Bg2 Bb7 4. O-O e6 5. d3 d5 6. Nbd2 Be7 7. e4 O-O 8. Re1 c5 9. exd5 exd5 10. Ne5 Nc6 11. Ndf3 Re8 12. Bf4 Nxe5 13. Bxe5 Qb6 14. Qd2 h6 15. Nh4 Nd7 16. Nf5 Nxe5 17. Rxe5 Bf6 18. Rxe8+ Rxe8 19. c3 b4 20. Re1 Rxe1+ 21. Qxe1 Qe6 22. Ne3 bxc3 23. bxc3 Bc6 24. c4 dxc4 25. Bxc6 Qxc6 26. dxc4 Qe4 27. Qd1 Bd4 28. Nd5 g6 29. Qd2 Kg7 30. Qd1 h5 31. h4 a5 32. a4 f5 33. Nf4 Kh7 34. Qe2 Qxe2 35. Nxe2 Be5 36. f4 Bf6 37. Nc1 Kg7 38. Nb3 Bc3 39. Kg2 Bb4 40. Kf3 Kf6 41. Nc1 Ke6 42. Nd3 Ba3 43. Ne5 Kf6 44. Nc6 Bb4 45. Ke3 Be1 46. Kf3 Ke6 47. Ne5 Kf6 48. Nd7+ Ke7 49. Nxc5 Kd6 50. Nd3 Bc3 51. Ke3 Kc6 52. Ke2 Kd6 53. Ke3 Kc6 54. Ne5+ Kc5 55. Kd3 Be1 56. Nxg6 Bxg3 57. Kc3 Be1+ 58. Kd3 Bg3 59. Kc3 Be1+ 60. Kd3 Bg3 1/2-1/2


[Site "https://www.chess.com"]

[Event "Titled Tuesday Blitz July 6 2021"]
[White "Maly, Alexey"]
[Black "Alavkin, Arseny"]
[WhiteFideId "14103184"]
[BlackFideId "4120612"]
[WhiteElo "2285"]
[BlackElo "2401"]
[Result "1/2-1/2"]
[Round "09"]
[TimeControl "180+1"]
[Date "2021.07.06"]
[WhiteClock "0:01:17"]
[BlackClock "0:00:56"]

1. d4 Nf6 2. c4 g6 3. Nc3 Bg7 4. e4 d6 5. Be2 O-O 6. Nf3 e5 7. O-O Na6 8. Bg5 h6 9. Bh4 exd4 10. Nxd4 c6 11. b3 Nc5 12. f3 a5 13. Kh1 Qc7 14. Rc1 Ne6 15. Nxe6 Bxe6 16. Nd5 cxd5 17. cxd5 Qe7 18. dxe6 fxe6 19. Bc4 Rfd8 20. Qe2 g5 21. Bf2 Nd7 22. Rfd1 Be5 23. Bd4 Rac8 24. Be3 Qf6 25. Bb5 Nc5 26. Bxc5 Rxc5 27. Rxc5 dxc5 28. Rxd8+ Qxd8 29. Bc4 Qd6 30. g3 Kg7 31. Kg2 Kf6 32. a4 b6 33. Kh3 1/2-1/2


[Site "https://www.chess.com"]

[Event "Titled Tuesday Blitz July 6 2021"]
[White "Markidis, Konstantinos"]
[Black "Korchmar, Vasiliy"]
[WhiteFideId "4203500"]
[BlackFideId "24131750"]
[WhiteElo "2304"]
[BlackElo "2370"]
[Result "0-1"]
[Round "09"]
[TimeControl "180+1"]
[Date "2021.07.06"]
[WhiteClock "0:00:02"]
[BlackClock "0:01:26"]

1. e4 c5 2. Nf3 d6 3. Bb5+ Nd7 4. c3 Nf6 5. Bd3 g6 6. Bc2 Bg7 7. d4 cxd4 8. cxd4 d5 9. e5 Ne4 10. Nbd2 O-O 11. O-O Nb6 12. Nxe4 dxe4 13. Bxe4 Be6 14. Bg5 Bd5 15. Bxd5 Nxd5 16. Qd2 Rc8 17. Rac1 Qd7 18. h3 e6 19. Bh6 Qa4 20. Bxg7 Kxg7 21. a3 h6 22. h4 Qb3 23. Rfe1 b5 24. Rxc8 Rxc8 25. Rc1 Rc4 26. Rxc4 bxc4 27. Kh2 a5 28. h5 gxh5 29. Ng1 c3 30. bxc3 Qxc3 31. Qd1 Qxa3 32. Qxh5 Qd3 33. Nf3 a4 34. Qg4+ Qg6 35. Qh4 a3 36. Qd8 a2 37. Qa8 Qb1 38. Nd2 Qb2 39. Nc4 a1=Q 0-1


[Site "https://www.chess.com"]

[Event "Titled Tuesday Blitz July 6 2021"]
[White "Martinez Reyes, Pedro Ramon"]
[Black "Erdogdu, Mert"]
[WhiteFideId "3901807"]
[BlackFideId "6301495"]
[WhiteElo "2398"]
[BlackElo "2485"]
[Result "1-0"]
[Round "09"]
[TimeControl "180+1"]
[Date "2021.07.06"]
[WhiteClock "0:00:12"]
[BlackClock "0:00:07"]

1. e4 c5 2. Nf3 d6 3. d4 cxd4 4. Nxd4 Nf6 5. Nc3 a6 6. Bg5 e6 7. Qe2 Nbd7 8. O-O-O b5 9. f4 Qc7 10. g4 Bb7 11. Bg2 Be7 12. e5 dxe5 13. fxe5 Nd5 14. Nxd5 Bxg5+ 15. Kb1 Bxd5 16. Bxd5 exd5 17. e6 O-O 18. exd7 Qxd7 19. h4 Rfe8 20. Qd3 Bf6 21. Nf5 Rad8 22. g5 Be5 23. h5 Re6 24. Qh3 Rc6 25. g6 fxg6 26. hxg6 h6 27. Rxd5 Qe8 28. Nxh6+ gxh6 29. Qxh6 Rxd5 30. Qh7+ Kf8 31. Rf1+ Rf6 32. g7+ Ke7 33. g8=Q+ Kd8 34. Qxd5+ Rd6 35. Qxd6+ Bxd6 36. Qd3 Kc7 37. Rd1 Qc6 38. a3 Kb6 39. Qd5 Bc5 40. Qxc6+ Kxc6 41. c3 a5 42. Kc2 b4 43. cxb4 axb4 44. a4 Kb6 45. b3 Be7 46. Kd3 Kc5 47. Kc2 Bd6 48. Kd3 Kd5 49. Rh1 Be7 50. Rh5+ Kc6 51. Kc4 Bf8 52. Rb5 Be7 53. Rxb4 1-0


[Site "https://www.chess.com"]

[Event "Titled Tuesday Blitz July 6 2021"]
[White "Matinian, Nikita"]
[Black "Ibrahimli, Murad"]
[WhiteFideId "24129100"]
[BlackFideId "13410229"]
[WhiteElo "2410"]
[BlackElo "2109"]
[Result "0-1"]
[Round "09"]
[TimeControl "180+1"]
[Date "2021.07.06"]
[WhiteClock "0:00:01"]
[BlackClock "0:01:43"]

1. e4 c5 2. Nf3 d6 3. d4 cxd4 4. Nxd4 Nf6 5. Nc3 a6 6. Bg5 e6 7. f4 Qb6 8. Nb3 h6 9. Bh4 Qe3+ 10. Qe2 Qxf4 11. Bg3 Qg5 12. Nd2 Nc6 13. Nc4 e5 14. Bf2 Bg4 15. Qd3 Nb4 16. Qd2 Qxd2+ 17. Kxd2 Be6 18. Nb6 Rd8 19. Re1 d5 20. exd5 Nfxd5 21. Nbxd5 Nxd5 22. Rxe5 Bb4 23. Bd3 Nf4 24. Bc5 Nxd3 25. cxd3 Bxc5 26. Rxc5 O-O 27. Re1 Rd7 28. Re3 Rfd8 29. a4 g6 30. a5 Bf5 31. Rce5 Rxd3+ 32. Rxd3 Rxd3+ 33. Ke2 Rd4 34. Re8+ Kg7 35. Ke3 Rb4 36. Nd1 Bg4 0-1


[Site "https://www.chess.com"]

[Event "Titled Tuesday Blitz July 6 2021"]
[White "Mirzoev, Azer"]
[Black "Przybylski, Wojciech"]
[WhiteFideId "13400304"]
[BlackFideId "1117599"]
[WhiteElo "2525"]
[BlackElo "2317"]
[Result "1-0"]
[Round "09"]
[TimeControl "180+1"]
[Date "2021.07.06"]
[WhiteClock "0:00:12"]
[BlackClock "0:00:03"]

1. c4 e5 2. Nc3 Nf6 3. e3 Nc6 4. Nf3 Bb4 5. d4 exd4 6. exd4 d5 7. a3 Be7 8. Be2 O-O 9. O-O h6 10. c5 Bf5 11. b4 a6 12. Bb2 Re8 13. Re1 Ne4 14. Qb3 Nxc3 15. Bxc3 Bf6 16. b5 axb5 17. Bxb5 Rxe1+ 18. Rxe1 Ne7 19. a4 c6 20. Bf1 Qc7 21. h3 Ng6 22. a5 Nf4 23. Qb6 Qxb6 24. cxb6 c5 25. Bd2 Ne6 26. dxc5 Nxc5 27. Bb4 Nd3 28. Bxd3 Bxd3 29. Rc1 Rd8 30. Rc7 Ba6 31. Nd2 d4 32. Ne4 d3 33. Nxf6+ gxf6 34. Bd2 Kg7 35. g4 Re8 36. Rd7 Re2 37. Be3 Ra2 38. Kg2 Rxa5 39. Kg3 Re5 40. Kh4 Kg6 41. Rd8 Kg7 42. Rd6 Re6 43. Rd5 Re5 44. Rd8 Bb5 45. Rd6 Re6 46. Rd5 Re5 47. Rd8 Re4 48. Kg3 Re6 49. Rd5 Re5 50. Rd8 h5 51. gxh5 Rxh5 52. h4 Re5 53. Kg4 Re4+ 54. Kf3 Re5 55. Kf4 Rh5 56. Kg4 Re5 57. h5 Bc6 58. h6+ Kh7 59. Rxd3 Bd5 60. Ra3 Be6+ 61. Kg3 Rf5 62. Ra7 Bd5 63. Ra8 Rf3+ 64. Kg4 f5+ 65. Kg5 f4 66. Bxf4 Rxf2 67. Rd8 Rf3 68. Rxd5 f6+ 69. Kf5 Rxf4+ 70. Kxf4 Kxh6 71. Kf5 Kg7 72. Rd7+ Kh8 73. Kxf6 Kg8 74. Rxb7 Kh8 75. Kg6 Kg8 76. Rb8# 1-0


[Site "https://www.chess.com"]

[Event "Titled Tuesday Blitz July 6 2021"]
[White "Mohammad Fahad, Rahman"]
[Black "Roman, Rodrigo"]
[WhiteFideId "10207791"]
[BlackFideId "3701220"]
[WhiteElo "2323"]
[BlackElo "2043"]
[Result "0-1"]
[Round "09"]
[TimeControl "180+1"]
[Date "2021.07.06"]
[WhiteClock "0:00:03"]
[BlackClock "0:00:41"]

1. c4 Nf6 2. Nc3 g6 3. g3 Bg7 4. Bg2 O-O 5. Nf3 c6 6. d4 d5 7. cxd5 cxd5 8. O-O Nc6 9. Bf4 Ne4 10. Rc1 Bf5 11. Nh4 Bxd4 12. Nxf5 gxf5 13. Bh6 Re8 14. e3 Bxc3 15. bxc3 Qd6 16. Qh5 Qg6 17. Qh3 Ne5 18. Bf4 Nc4 19. Bf3 e5 20. Bh5 Qf6 21. Kh1 exf4 22. gxf4 Kh8 23. Rcd1 Nxc3 24. Rd4 Rad8 25. Rg1 Ne4 26. Qf3 Ncd2 27. Qe2 Qh4 28. Rg2 Rg8 29. Bxf7 Rxg2 30. Kxg2 Rd7 31. Bxd5 Rg7+ 32. Kh1 Nxf2+ 33. Qxf2 Qxf2 34. Bxb7 Qg1# 0-1


[Site "https://www.chess.com"]

[Event "Titled Tuesday Blitz July 6 2021"]
[White "Molina, Roberto Junio Brito"]
[Black "Malka, Samuel"]
[WhiteFideId "2109450"]
[BlackFideId "20643675"]
[WhiteElo "2402"]
[BlackElo "2474"]
[Result "1-0"]
[Round "09"]
[TimeControl "180+1"]
[Date "2021.07.06"]
[WhiteClock "0:00:16"]
[BlackClock "0:00:02"]

1. d4 Nf6 2. c4 g6 3. Nc3 Bg7 4. e4 d6 5. Nf3 O-O 6. Be2 e5 7. O-O Nc6 8. d5 Ne7 9. b4 Ne8 10. c5 f5 11. Nd2 f4 12. Bg4 Nf6 13. Bxc8 Rxc8 14. f3 g5 15. Nc4 h5 16. h3 Ng6 17. Kf2 g4 18. hxg4 hxg4 19. Rh1 Kf7 20. Ba3 Rh8 21. Ke2 Nh4 22. Qg1 Nh5 23. Kd3 Ng3 24. Rh2 gxf3 25. gxf3 Nxf3 26. Rxh8 Bxh8 27. Qg2 Ng5 28. b5 dxc5 29. Kc2 b6 30. Rd1 Qd7 31. d6 Ne6 32. dxc7 Nd4+ 33. Kb2 Rxc7 34. Qh2 Bg7 35. Qh4 Qe6 36. Nd2 Nge2 37. Nxe2 Nxe2 38. Qh5+ Qg6 39. Qxe2 Qe6 40. Qc4 Qxc4 41. Nxc4 Bf6 42. Kc2 Re7 43. Bb2 Bg5 44. Nxe5+ Ke6 45. Nf3 Bh6 46. Rd5 Bg7 47. Bxg7 Rxg7 48. Re5+ Kd6 49. Rf5 Rg2+ 50. Kd3 Rxa2 51. Rxf4 Rb2 52. Nd2 Rxb5 53. Rf6+ Ke7 54. Rh6 Rb4 55. Nc4 Rb3+ 56. Ke2 Rc3 57. Ne3 Ra3 58. Nd5+ Kd7 59. e5 Ra4 60. Ke3 Ra3+ 61. Ke4 Ra4+ 62. Kf5 Rd4 63. Rd6+ Ke8 64. Ke6 Re4 65. Nf6+ Kf8 66. Nxe4 1-0


[Site "https://www.chess.com"]

[Event "Titled Tuesday Blitz July 6 2021"]
[White "Nakamura, Hikaru"]
[Black "Jobava, Baadur"]
[WhiteFideId "2016192"]
[BlackFideId "13601520"]
[WhiteElo "2900"]
[BlackElo "2748"]
[Result "1-0"]
[Round "09"]
[TimeControl "180+1"]
[Date "2021.07.06"]
[WhiteClock "0:00:16"]
[BlackClock "0:00:01"]

1. Nf3 Nf6 2. e3 b6 3. b3 Bb7 4. Bb2 e6 5. d4 Be7 6. Bd3 c5 7. dxc5 bxc5 8. c4 d6 9. O-O Nbd7 10. Qe2 O-O 11. Rd1 Qc7 12. Nc3 Rfe8 13. Rd2 Rad8 14. Rad1 Qb8 15. h3 Nf8 16. Ng5 Ng6 17. Nge4 Qa8 18. f3 Nxe4 19. Bxe4 Bxe4 20. Nxe4 d5 21. Nf2 h6 22. Ng4 Bf8 23. Ne5 Nxe5 24. Bxe5 a5 25. a4 Rd7 26. Rd3 Rb7 27. Qc2 Rd7 28. Bc3 Red8 29. Be1 d4 30. Qd2 Qb7 31. Qxa5 dxe3 32. Qc3 Rd4 33. Bg3 e2 34. R1d2 Bd6 35. Be1 Be5 36. Qc2 Bf4 37. Rxd4 cxd4 38. Rd3 Be3+ 39. Kh1 e5 40. Qxe2 f5 41. b4 e4 42. fxe4 fxe4 43. Rd1 Bg5 44. h4 d3 45. Qg4 Bf6 46. c5 Kh8 47. Qe6 Qd5 48. Qxd5 Rxd5 49. c6 Be5 50. Bf2 Bf4 51. a5 Rb5 52. a6 Rxb4 53. g3 Bc7 54. a7 Ra4 55. Re1 d2 56. Rd1 Ra6 57. Rxd2 Kh7 58. Rd7 1-0


[Site "https://www.chess.com"]

[Event "Titled Tuesday Blitz July 6 2021"]
[White "Navalgund, Niranjan"]
[Black "Dushyant Sharma"]
[WhiteFideId "5030854"]
[BlackFideId "25065130"]
[WhiteElo "2290"]
[BlackElo "2019"]
[Result "0-1"]
[Round "09"]
[TimeControl "180+1"]
[Date "2021.07.06"]
[WhiteClock "0:00:19"]
[BlackClock "0:00:07"]

1. d4 d5 2. Nf3 e6 3. c4 Be7 4. g3 Nf6 5. Bg2 O-O 6. O-O dxc4 7. Qc2 c5 8. dxc5 Nc6 9. Qxc4 e5 10. Bg5 Be6 11. Qc1 h6 12. Rd1 Qa5 13. Bxf6 Bxf6 14. a3 e4 15. Ne1 Nd4 16. Rxd4 Bxd4 17. b4 Qd8 18. Nc3 a5 19. Rb1 axb4 20. axb4 f5 21. e3 Be5 22. Qc2 Qf6 23. Nb5 Ra2 24. Qc1 Rd8 25. Nc2 Bb2 26. Qe1 Bc3 27. Nxc3 Rxc2 28. Nb5 Rdd2 29. Nd4 Ra2 30. Bf1 Qg6 31. Rc1 Bd5 32. b5 f4 33. c6 bxc6 34. bxc6 Rxf2 35. c7 Bb7 36. c8=Q+ Bxc8 37. Rxc8+ Kh7 38. Qxf2 Rxf2 39. Kxf2 fxe3+ 40. Kxe3 Qg5+ 41. Kf2 Qf6+ 42. Kg2 Qxd4 43. Rc2 e3 44. Re2 Qe4+ 45. Kg1 Qf3 46. Rc2 h5 47. Re2 g5 48. Rc2 Kh6 49. Re2 h4 50. gxh4 gxh4 51. Rc2 h3 52. Re2 Kg6 53. Rc2 Qg4+ 54. Bg2 Qd1+ 55. Bf1 Qxc2 56. Bd3+ Qxd3 0-1


[Site "https://www.chess.com"]

[Event "Titled Tuesday Blitz July 6 2021"]
[White "Nguyen Hong Nhung"]
[Black "Rorrer, Grayson"]
[WhiteFideId "12412201"]
[BlackFideId "30944996"]
[WhiteElo "1661"]
[BlackElo "2122"]
[Result "1/2-1/2"]
[Round "09"]
[TimeControl "180+1"]
[Date "2021.07.06"]
[WhiteClock "0:00:20"]
[BlackClock "0:00:01"]

1. e4 c5 2. Nc3 a6 3. a4 Nc6 4. f4 e6 5. Nf3 d5 6. d3 Nf6 7. e5 Nd7 8. g3 Be7 9. Bg2 O-O 10. O-O f6 11. exf6 Nxf6 12. Bd2 Qc7 13. Qe2 Bd6 14. Rae1 Re8 15. Ne5 Nd4 16. Qd1 Bd7 17. b3 b5 18. axb5 axb5 19. Nxd7 Qxd7 20. Ne2 Nxe2+ 21. Qxe2 e5 22. fxe5 Bxe5 23. Qf3 Bd4+ 24. Kh1 Rxe1 25. Rxe1 Re8 26. c3 Rxe1+ 27. Bxe1 Be5 28. Qe3 Bd6 29. d4 c4 30. bxc4 bxc4 31. Qg5 Qe6 32. Bd2 Qe2 33. Bxd5+ Kh8 34. Kg1 h6 35. Qf5 Qd1+ 36. Kg2 Qxd2+ 37. Kh3 Qg5 38. Qc8+ Kh7 39. Bf3 Qb5 40. Qe6 Qd7 41. Be4+ Kh8 42. Bf5 Qxe6 43. Bxe6 Ne4 44. Bxc4 Nxc3 45. Kg4 g6 46. h4 Kg7 47. Bd3 h5+ 48. Kf3 Be7 49. Bc4 Bf6 50. d5 Na4 51. d6 Nb6 52. Be6 Bd8 53. g4 Bxh4 54. gxh5 gxh5 55. d7 Bd8 56. Kg2 h4 57. Kh3 Kf8 58. Bg4 Bf6 59. Bf5 Ke7 60. Bg4 Nxd7 61. Bxd7 Kxd7 62. Kg2 Ke6 63. Kh1 Kf5 64. Kg1 Kg4 65. Kh1 Kg3 66. Kg1 h3 67. Kh1 Be5 68. Kg1 Kf3 69. Kh1 1/2-1/2


[Site "https://www.chess.com"]

[Event "Titled Tuesday Blitz July 6 2021"]
[White "Nguyen, Quoc Hy"]
[Black "Gontcharov, Vladislav"]
[WhiteFideId "12410853"]
[BlackFideId "4123492"]
[WhiteElo "1975"]
[BlackElo "2503"]
[Result "1-0"]
[Round "09"]
[TimeControl "180+1"]
[Date "2021.07.06"]
[WhiteClock "0:00:08"]
[BlackClock "0:00:12"]

1. d4 Nf6 2. c4 c5 3. d5 e6 4. Nc3 exd5 5. cxd5 d6 6. e4 g6 7. f4 Bg7 8. Bb5+ Nfd7 9. Nf3 O-O 10. O-O a6 11. Bd3 b5 12. f5 Ne5 13. Nxe5 Bxe5 14. Qf3 Qh4 15. g3 Qh3 16. Ne2 c4 17. Bc2 Nd7 18. Nf4 Bxf4 19. Bxf4 Ne5 20. Bxe5 dxe5 21. Rad1 f6 22. b3 Bd7 23. bxc4 bxc4 24. Qc3 Kh8 25. Rb1 Rac8 26. Rb7 Rf7 27. Ba4 Be8 28. Rxf7 Bxf7 29. fxg6 Bxg6 30. Rxf6 Bxe4 31. Rf2 Qh5 32. d6 Bd3 33. d7 Rd8 34. Qa5 Qg5 35. Bc6 Qe7 36. Qc7 e4 37. Rf7 Qg5 38. h4 Qc1+ 39. Kg2 1-0


[Site "https://www.chess.com"]

[Event "Titled Tuesday Blitz July 6 2021"]
[White "Obregon, Andres Carlos"]
[Black "Kobo, Ori"]
[WhiteFideId "111724"]
[BlackFideId "2812320"]
[WhiteElo "2572"]
[BlackElo "2431"]
[Result "1-0"]
[Round "09"]
[TimeControl "180+1"]
[Date "2021.07.06"]
[WhiteClock "0:00:16"]
[BlackClock "0:00:05"]

1. d4 Nf6 2. c4 c5 3. d5 b5 4. Nf3 Bb7 5. Qc2 bxc4 6. e4 e6 7. Bxc4 exd5 8. exd5 d6 9. O-O Be7 10. Nc3 O-O 11. a4 a5 12. Bf4 Nbd7 13. Rad1 Nb6 14. b3 Nxc4 15. bxc4 Nd7 16. Nb5 Nb6 17. Rfe1 Nc8 18. Nd2 Ba6 19. Re2 Bxb5 20. cxb5 Bf6 21. Nc4 Bd4 22. Rde1 Ra7 23. h3 Rd7 24. Qd2 Nb6 25. Nxb6 Qxb6 26. Qd3 h6 27. g4 Qd8 28. Kg2 Qf6 29. Bd2 Qd8 30. f4 f5 31. Re6 fxg4 32. hxg4 Qh4 33. Qf3 Rdf7 34. R1e4 Be5 35. Qg3 Qxg3+ 36. Kxg3 Bd4 37. Rxd6 Kh7 38. Rde6 Rd8 39. d6 Rfd7 40. Bxa5 Ra8 41. Bc7 Rxa4 42. b6 Rb4 43. Re7 1-0


[Site "https://www.chess.com"]

[Event "Titled Tuesday Blitz July 6 2021"]
[White "Oliveira, Silvio Eduardo"]
[Black "Leve, Nitai"]
[WhiteFideId "2111560"]
[BlackFideId "2006898"]
[WhiteElo "2302"]
[BlackElo "2144"]
[Result "1-0"]
[Round "09"]
[TimeControl "180+1"]
[Date "2021.07.06"]
[WhiteClock "0:00:34"]
[BlackClock "0:00:01"]

1. e4 e6 2. d4 d5 3. Nc3 Nf6 4. e5 Nfd7 5. Nce2 c5 6. c3 Nc6 7. Nf3 cxd4 8. cxd4 f6 9. Nf4 Qe7 10. Nd3 g6 11. exf6 Qxf6 12. Bg5 Qf5 13. Qd2 Bg7 14. Be3 O-O 15. Be2 Nf6 16. O-O Ne4 17. Qd1 h6 18. Rc1 g5 19. Nfe5 Nxe5 20. Nxe5 Bxe5 21. dxe5 Qxe5 22. Bd4 Qd6 23. Bd3 Rf4 24. Qh5 e5 25. Qe8+ Rf8 26. Qxe5 Qxe5 27. Bxe5 Be6 28. f3 Nd2 29. Rfe1 Rae8 30. b3 g4 31. fxg4 Bxg4 32. Bc3 Ne4 33. Bd4 Re7 34. Bb2 Rfe8 35. Ba3 Re6 36. Bb5 Rd8 37. Rc7 Nf6 38. Bb2 Rxe1+ 39. Kf2 Re6 40. h3 Ne4+ 41. Kg1 1-0


[Site "https://www.chess.com"]

[Event "Titled Tuesday Blitz July 6 2021"]
[White "Orozbaev, Eldiar"]
[Black "Sonis, Francesco"]
[WhiteFideId "13802240"]
[BlackFideId "895733"]
[WhiteElo "1911"]
[BlackElo "2373"]
[Result "0-1"]
[Round "09"]
[TimeControl "180+1"]
[Date "2021.07.06"]
[WhiteClock "0:01:06"]
[BlackClock "0:01:52"]

1. e4 e5 2. Nf3 Nc6 3. d4 exd4 4. c3 d3 5. Bxd3 Bc5 6. O-O d6 7. Qc2 Nge7 8. h3 Ng6 9. Bg5 f6 10. Be3 O-O 11. Nd4 Bb6 12. Nd2 Kh8 13. a4 d5 14. exd5 Nxd4 15. Bxd4 Bxd4 16. cxd4 Ne7 17. Nf3 Nxd5 18. Bxh7 f5 19. Bg6 Nf4 20. Ne5 Qg5 21. f3 Nxg6 22. Qxc7 Nf4 23. Qc2 Be6 24. Kh2 Rac8 25. Qd2 Rf6 26. g3 Nxh3 27. f4 Qh5 28. Kg2 Bd5+ 29. Nf3 Rfc6 0-1


[Site "https://www.chess.com"]